 Dungeon Crawl Stone Soup version 0.31.0-12-g77e489cdc1 (webtiles) character file.

Game seed: 12639609639138472542

66 PaiMei the Grave Robber (level 3, 0/26 HPs)
             Began as a Demonspawn Necromancer on Feb 12, 2024.
             Succumbed to an adder's poison
             ... on level 2 of the Dungeon.
             The game lasted 00:01:57 (1438 turns).

PaiMei the Grave Robber (Demonspawn Necromancer)    Turns: 1438, Time: 00:01:58

Health: 0/26       AC:  2    Str:  8    XL:     3   Next: 96%
Magic:  0/6        EV: 12    Int: 17    God:
Gold:   57         SH:  0    Dex: 13    Spells: 3/7 levels left

rFire   . . .        d - +0 club
rCold   . . .        (no shield)
rNeg    . . .        a - +0 robe
rPois   .            (no helmet)
rElec   .            (no cloak)
rCorr   .            (no gloves)
SInv    .            (no boots)
Will    .....        (no amulet)
Stlth   ++           (no ring)
HPRegen 0.24/turn    (no ring)
MPRegen 0.10/turn

%: no passive effects
@: lethally poisoned (0 -> -1), hasted, very quick
A: demonic guardian 1, powered by pain 1
a: no special abilities


You were on level 2 of the Dungeon.
You visited 1 branch of the dungeon, and saw 2 of its levels.

You collected 57 gold pieces.

Inventory:

Hand Weapons
 d - a +0 club (weapon)
Armour
 a - a +0 robe (worn)
Scrolls
 c - a scroll of fear {unknown}
 e - 3 scrolls of immolation {unknown}
 f - 2 scrolls of blinking {unknown}
 g - 2 scrolls of identify {unknown}
 h - 3 scrolls of noise {unknown}
Potions
 b - a potion of magic


   Skills:
 + Level 1.2 Fighting
 + Level 2.4 Dodging
 - Level 2.0 Stealth
 + Level 2.5 Spellcasting
 + Level 4.9 Necromancy


You had 3 spell levels left.
You knew the following spells:

 Your Spells              Type           Power      Damage    Failure   Level
a - Necrotise             Necr           72%        1d7       2%          1
b - Vampiric Draining     Necr           18%        2d7       7%          3

Your spell library contained the following spells:

 Spells                   Type           Power      Damage    Failure   Level
 Inner Flame              Hex/Fire       2%         N/A       50%         3
 Animate Dead             Necr           18%        N/A       24%         4
 Curse of Agony           Necr           18%        N/A       54%         5
 Irradiate                Conj/Alch      1%         3d12      99%         5
 Ignition                 Fire           1%         3d3       100%        8


Dungeon Overview and Level Annotations

Branches:
Dungeon (2/15)

Altars:

Shops:
D:2 (


Innate Abilities, Weirdness & Mutations

A weak demonic guardian rushes to your aid.
You sometimes gain a little power by taking damage.


Message History

You feel sick. The adder misses you. The adder barely misses you.
Casting: Necrotise (safe; 2% risk of failure)
Confirm with . or Enter, or press ? or * to list all spells.
Aiming: Necrotise (safe; 2% risk of failure)
Press: ? - help, Shift-Dir - straight line, f - adder
Aim: an adder (lightly wounded, ally target, chance to affect: 83%)
The adder writhes in agony.
* * * LOW HITPOINT WARNING * * *
You feel sick.
Your ufetubus misses the adder. x2
Your ufetubus hits the adder.
Your ufetubus closely misses the adder.
The adder closely misses your ufetubus.
Casting: Necrotise (safe; 2% risk of failure)
Confirm with . or Enter, or press ? or * to list all spells.
You don't have enough magic to cast this spell.
Casting: Necrotise (safe; 2% risk of failure)
Confirm with . or Enter, or press ? or * to list all spells.
You don't have enough magic to cast this spell.
Casting: Necrotise (safe; 2% risk of failure)
Confirm with . or Enter, or press ? or * to list all spells.
You don't have enough magic to cast this spell.
Casting: Necrotise (safe; 2% risk of failure)
Confirm with . or Enter, or press ? or * to list all spells.
You don't have enough magic to cast this spell.
It was a potion of haste.
You feel yourself speed up.
* * * LOW HITPOINT WARNING * * *
You feel sick.
Your ufetubus closely misses the adder.
Your ufetubus misses the adder. The adder bites your ufetubus.
You closely miss the adder.
The adder is heavily wounded.
* * * LOW HITPOINT WARNING * * *
You feel sick.
Your ufetubus barely misses the adder.
Your ufetubus hits the adder.
The adder dies!
Okay, then.
There is a lethal amount of poison in your body!
Unknown command.
There is a lethal amount of poison in your body!
* * * LOW HITPOINT WARNING * * *
You feel sick.
You die...

.# #.#### .#
#.....### .#
........# .#
.(......# .#
........##.###.#
..............<#
..........####.#
$.....5@##.....#
......††##.#####
........##.#
........##.#
........##.#
.....#####.#
###.. #.#######
#.# #.......#
#######.#


You could see a friendly ufetubus (summoned).

Vanquished Creatures
  A gnoll (D:1)
  An adder (D:2)
  A ribbon worm (D:2)
  An orc (D:2)
  A bat (D:2)
  3 endoplasms
  A giant cockroach (D:1)
  3 goblins (D:1)
  4 hobgoblins
  A quokka (D:1)
  5 ball pythons
  2 frilled lizards (D:1)
  5 kobolds
  3 rats
32 creatures vanquished.

Vanquished Creatures (collateral kills)
  An adder (D:2)
  A goblin (D:1)
2 creatures vanquished.

Grand Total: 34 creatures vanquished

Notes
Turn   | Place    | Note
-------+----------+-------------------------------------------
     0 | D:1      | PaiMei the Demonspawn Necromancer began the quest for the
                  | Orb.
     0 | D:1      | Reached XP level 1. HP: 13/13 MP: 3/3
   233 | D:1      | Gained mutation: You sometimes gain a little power by
                  | taking damage. [demonic ancestry]
   233 | D:1      | Reached XP level 2. HP: 3/19 MP: 0/5
   655 | D:1      | Gained mutation: A weak demonic guardian rushes to your
                  | aid. [demonic ancestry]
   655 | D:1      | Reached XP level 3. HP: 25/25 MP: 1/6
   659 | D:1      | Learned a level 3 spell: Vampiric Draining
  1012 | D:2      | Reached skill level 1 in Fighting
  1248 | D:2      | Found Utsahair's Weapon Shoppe.
  1435 | D:2      | HP: 1/26 [poisoned by an adder]
  1438 | D:2      | Succumbed to an adder's poison

Illustrated notes

Levels and vault maps discovered:
D:1:      giann_bridges, layout_loops_ring, nrook_campfire,
          ebering_dispersal_statue_hall, chequers_serial_rivers_micro_b
D:2:      layout_basic, serial_shops, nicolae_shop_window_shopping,
          kennysheep_generic_room_13

Skill      XL: |  1  2  3 |
---------------+----------+-----
Dodging        | 2 |  2.4
Stealth        | 2 |  2.0
Fighting       | 1 |  1.2
Spellcasting   | |  2.5
Necromancy     | |  4.9

Action                     || total
---------------------------++-------
  Melee: Club              ||    24
         Unarmed           ||     1
   Cast: Necrotise         ||    61
    Use: Potion            ||     1
 Armour: Robe              ||    24
  Dodge: Dodged            ||    33
